 Dungeon Crawl Stone Soup version 0.27.1-33-g824d729ab1 (webtiles) character file.

Game seed: 17980384205735722862

63 lonewolfV2 the Sneak (level 4, -6/24 HPs)
             Began as a Kobold Enchanter on Dec 8, 2021.
             Splashed by a jelly's acid (9 damage)
             ... on level 2 of the Dungeon.
             The game lasted 00:07:12 (2595 turns).

lonewolfV2 the Sneak (Kobold Enchanter)             Turns: 2595, Time: 00:07:13

Health: -6/24      AC: -6    Str:  6    XL:     4   Next: 30%
Magic:  7/7        EV: 15    Int: 16    God:
Gold:   76         SH:  0    Dex: 15    Spells: 2/8 levels left

rFire    . . .     SeeInvis .   a - +1 dagger
rCold    . . .     Faith    .   (shield restricted)
rNeg     . . .     Spirit   .   b - +0 robe
rPois    .         Reflect  .   (no helmet)
rElec    .         Harm     .   (no cloak)
rCorr    .         Rampage  .   (no gloves)
Will     .....                  (no boots)
Stlth    ++++......             (no amulet)
HPRegen  0.08/turn              (no ring)
MPRegen  0.10/turn              (no ring)

@: corroded
A: small, no large weapons, nightstalker 3
a: no special abilities


You were on level 2 of the Dungeon.
You visited 1 branch of the dungeon, and saw 2 of its levels.

You collected 76 gold pieces.

Inventory:

Hand Weapons
 a - a +1 dagger (weapon)
Armour
 b - a +0 robe (worn)
Scrolls
 c - 2 scrolls of enchant weapon {unknown}
 d - 2 scrolls of fog {unknown}
 f - a scroll of enchant armour {unknown}
 g - a scroll of blinking {unknown}
Potions
 h - a potion of curing {unknown}


   Skills:
 + Level 2.5 Short Blades
 + Level 2.9 Dodging
 + Level 5.0 Stealth
 + Level 2.5 Spellcasting
 + Level 3.3 Hexes
 + Level 0.1 Ice Magic


You had 2 spell levels left.
You knew the following spells:

 Your Spells              Type           Power      Damage    Failure   Level
a - Corona                Hex            13%        N/A       4%          1
b - Ensorcelled Hibernat  Hex/Ice        14%        N/A       14%         2
c - Tukima's Dance        Hex            12%        N/A       14%         3

Your spell library contained the following spells:

 Spells                   Type           Power      Damage    Failure   Level
 Corpse Rot               Necr/Air       N/A        N/A       30%         2
 Poisonous Vapours        Pois/Air       4%         N/A       30%         2
 Confusing Touch          Hex            12%        N/A       14%         3
 Dazzling Flash           Conj/Hex       14%        N/A       28%         3
 Freezing Cloud           Conj/Ice/Air   1%         6-21      99%         5
 Dispersal                Tloc           1%         N/A       100%        6
 Disjunction              Tloc           1%         N/A       100%        8


Dungeon Overview and Level Annotations

Branches:
Dungeon (2/15)

Altars:


Innate Abilities, Weirdness & Mutations

You are small and have problems with some larger weapons.
You are completely attuned to the shadows.


Message History

You barely miss the endoplasm.
The endoplasm is moderately wounded.
The endoplasm closely misses you.
You hit the endoplasm.
The endoplasm is severely wounded.
The endoplasm freezes you.
You are frozen.
You hit the endoplasm.
You kill the endoplasm!
The jelly closely misses you.
Cast which spell? (? or * to list)
The spell is quite dangerous to cast (14% risk of failure)!
Continue anyway? [Y]es or [N]o only, please.
The spell is quite dangerous to cast (14% risk of failure)!
Continue anyway? [Y]es or [N]o only, please.
The spell is quite dangerous to cast (14% risk of failure)!
Continue anyway? [Y]es or [N]o only, please.
The spell is quite dangerous to cast (14% risk of failure)!
Continue anyway? [Y]es or [N]o only, please.
The spell is quite dangerous to cast (14% risk of failure)!
Continue anyway?
Okay, then.
A jelly is nearby!
You hit the jelly.
Your hands burn!
The jelly is lightly wounded.
The jelly hits you. The acid corrodes you!
You are splashed with acid!
You hit the jelly but do no damage. The acid corrodes you!
Your hands burn!
* * * LOW HITPOINT WARNING * * *
The jelly is lightly wounded.
The jelly completely misses you.
You hit the jelly but do no damage.
Your hands burn!
* * * LOW HITPOINT WARNING * * *
The jelly is lightly wounded.
The jelly misses you.
You hit the jelly.
Your hands burn!
* * * LOW HITPOINT WARNING * * *
The jelly is moderately wounded.
The jelly hits you.
* * * LOW HITPOINT WARNING * * *
The acid corrodes you!
You are splashed with acid!
You die...

..#.......#
#.............#.#....
..........#
#.............#.#....
....##.####
###...........#.#....
.......#
######....#........
.......#
###########.#.###
.......# ##.#######
#...... .......#
#.#.#...[#####.###
.......#
#.#.#.....##.#..#(
..####.#
..P.#@#'#......'.#..#P
..#.)..#
.÷.÷#J#........'...)).
..#....#
PPJ.#.#..[..(..'...##P
..#....#
....#)#.......##.#.##P
..'....#
PP.P'##......#####..##
..#...##
....########## #......
..#...# ####
######...... ..#...#
#######...........
..#...#
#####........###...###


You could see a jelly.

Vanquished Creatures
  An adder (D:2)
  5 dart slugs
  3 bats (D:1)
  4 endoplasms
  3 goblins
  A hobgoblin (D:1)
  4 quokkas
  3 ball pythons
  4 frilled lizards
  A jackal skeleton (D:2)
  10 kobolds (D:2)
  A rat (D:2)
40 creatures vanquished.

Vanquished Creatures (others)
  A fungus (D:2)
  A plant (D:2)
  6 toadstools (D:2)
  A withered plant (D:2)
9 creatures vanquished.

Grand Total: 49 creatures vanquished

Notes
Turn   | Place    | Note
-------+----------+-------------------------------------------
     0 | D:1      | lonewolfV2 the Kobold Enchanter began the quest for the
                  | Orb.
     0 | D:1      | Reached XP level 1. HP: 10/10 MP: 3/3
   454 | D:1      | Reached XP level 2. HP: 8/15 MP: 5/5
   457 | D:1      | Learned a level 2 spell: Ensorcelled Hibernation
  1407 | D:1      | Reached XP level 3. HP: 19/19 MP: 3/6
  1411 | D:1      | Learned a level 3 spell: Tukima's Dance
  2179 | D:2      | Reached XP level 4. HP: 24/24 MP: 7/7
  2252 | D:2      | Found a faded altar of an unknown god.
  2324 | D:2      | Reached skill level 5 in Stealth
  2595 | D:2      | Splashed by a jelly's acid

Illustrated notes

Levels and vault maps discovered:
D:1:      dpeg_arrival_boxes_within_box, layout_basic
D:2:      cheibrodos_fertilizer, layout_basic,
          shapermc_ecumenical_altar_flowoftime, uniq_robin

Skill      XL: |  1  2  3  4 |
---------------+-------------+-----
Short Blades   | 2 |  2.5
Stealth        | 5 |  5.0
Dodging        | |  2.9
Spellcasting   | |  2.5
Hexes          | |  3.3
Ice Magic      | |  0.1

Action                   |  1- 3 |  4- 6 || total
-------------------------+-------+-------++-------
Melee: Dagger            |   102 |    52 ||   154
 Cast: Ensorcelled Hiber |     5 |       ||     5
       Corona            |     6 |       ||     6
       Tukima's Dance    |     1 |       ||     1
  Use: Potion            |       |     2 ||     2
 Stab: Sleeping          |    12 |     4 ||    16
Armor: Robe              |     8 |    10 ||    18
Dodge: Dodged            |   100 |    57 ||   157
